 Dungeon Crawl Stone Soup version 0.27-a0-170-g607d9e9d85 (webtiles) character file.

Game seed: 16545434187330072181

67 kae the Ruffian (level 4, -10/36 HPs)
             Began as a Draconian Transmuter on Jan 27, 2021.
             Killed by nerve-wracking pain
             ... invoked by a shadow imp
             ... summoned by Natasha
              (12 damage)
             ... on level 2 of the Dungeon on Jan 28, 2021.
             The game lasted 00:01:09 (1906 turns).

kae the Ruffian (Draconian Transmuter)              Turns: 1906, Time: 00:01:09

Health: -10/36     AC:  6    Str: 14    XL:     4   Next: 0%
Magic:  7/7        EV: 12    Int: 13    God:
Gold:   76         SH:  0    Dex: 11    Spells: 3/7 levels left

rFire    . . .     SeeInvis .     - Unarmed
rCold    . . .     Faith    .   (no shield)
rNeg     . . .     Spirit   .   (armour unavailable)
rPois    .         Reflect  .   (helmet restricted)
rElec    .         Harm     .   a - +0 cloak
rCorr    .         Rampage  .   (no gloves)
Will     .....                  (no boots)
Stlth    +.........             (no amulet)
HPRegen  0.12/turn              (no ring)
MPRegen  0.10/turn              (no ring)

@: slowed, very slow
A: unfitting armour, cold-blooded, AC +5
a: no special abilities


You were on level 2 of the Dungeon.
You visited 1 branch of the dungeon, and saw 2 of its levels.

You collected 76 gold pieces.

Inventory:

Armour
 a - a +0 cloak (worn)
Jewellery
 f - a cursed -4 ring of protection {unknown}
 h - a +6 ring of strength {unknown}
Scrolls
 b - a scroll of fog
 d - a scroll of teleportation {unknown}
 e - a scroll of enchant weapon {unknown}
 i - a scroll of magic mapping {unknown}
Potions
 c - a potion of invisibility
 g - a potion of cancellation {unknown}


   Skills:
 + Level 1.8 Fighting
 + Level 2.2 Dodging
 * Level 3.7 Unarmed Combat
 + Level 2.4 Spellcasting
 + Level 2.5 Transmutations
 * Level 0.2 Poison Magic


You had 3 spell levels left.
You knew the following spells:

 Your Spells              Type           Power        Failure   Level
a - Beastly Appendage     Tmut           16%          9%          1
b - Spider Form           Tmut/Pois      2%           38%         3

Your spell library contained the following spells:

 Spells                   Type           Power        Failure   Level
 Wereblood                Tmut           8%           13%         2
 Ice Form                 Ice/Tmut       4%           82%         4
 Blade Hands              Tmut           4%           94%         5


Dungeon Overview and Level Annotations

Branches:
Dungeon (2/15)

Altars:
Nemelex Xobeh

Annotations:
D:2 Natasha


Innate Abilities, Weirdness & Mutations

Your plain brown scales are hard. (AC +5)
You cannot fit into any form of body armour.
You are cold-blooded and may be slowed by cold attacks.


Message History

The bat closely misses you. The shadow imp closely misses you.
Natasha claws you!
* * * LOW HITPOINT WARNING * * *
The shadow imp barely misses you. The bat closely misses you.
Natasha claws you but does no damage.
You completely miss Natasha.
Natasha is severely wounded.
The bat hits you.
* * * LOW HITPOINT WARNING * * *
The bat hits you but does no damage.
The white imp hits you but does no damage.
The shadow imp misses you. Natasha misses you.
The white imp hits you but does no damage.
You completely miss Natasha.
Your tail-slap misses Natasha.
Natasha is severely wounded.
The bat hits you but does no damage. x2; The bat hits you.
* * * LOW HITPOINT WARNING * * *
The shadow imp gestures at you. Pain shoots through your body!
You die...

#...................# #.
#......####.........# #.
###....#####........## #.
#................(..# #.
#....#......#+##....# ##.
#....#......+.......######..
#....#......#............#..
#....#....5b#............'..
#.........h@.......#.....#..
.....#.......5####....#.....#..
#.## #........##......#.....#..
# #.........+...#####.......
#.........#.....# #.......
#.####..)............# #.......
...>......#..........# #####...
#####.....#<#........#######...
#.....#.#.....###......#...


You could see Natasha (resistant), a white imp (summoned), a shadow imp
(summoned) and a bat.

Vanquished Creatures
  Natasha (D:2)
  An adder (D:2)
  An ooze (D:1)
  A dart slug (D:1)
  A leopard gecko (D:1)
  A ball python (D:2)
  2 giant cockroaches
  3 goblins
  3 hobgoblins
  4 bats
  2 frilled lizards
  3 kobolds
  4 rats
27 creatures vanquished.

Notes
Turn   | Place    | Note
-------+----------+-------------------------------------------
     0 | D:1      | kae the Draconian Transmuter began the quest for the Orb.
     0 | D:1      | Reached XP level 1. HP: 16/16 MP: 3/3
   151 | D:1      | Reached XP level 2. HP: 20/23 MP: 5/5
   507 | D:1      | You fall into a shaft and drop 1 floor!
  1124 | D:2      | Noticed Natasha
  1135 | D:2      | Noticed a crimson imp
  1135 | D:2      | Killed Natasha
  1136 | D:2      | Reached XP level 3. HP: 21/29 MP: 4/6
  1524 | D:2      | Learned a level 3 spell: Spider Form
  1524 | D:2      | Upgraded the game from 0.27-a0-155-g177a798329 to
                  | 0.27-a0-170-g607d9e9d85
  1619 | D:2      | Found a sparkling altar of Nemelex Xobeh.
  1822 | D:2      | Reached XP level 4. HP: 35/36 MP: 7/7
  1893 | D:2      | Noticed Natasha
  1906 | D:2      | Killed from afar by a shadow imp

Illustrated notes

Levels and vault maps discovered:
D:1:      lightli_arrival_statue_moat, layout_loops_ring
D:2:      layout_basic, chequers_mini_garden, nemelex_spade_bored_becter,
          uniq_natasha

Skill      XL: |  1  2 |
---------------+-------+-----
Dodging        | 2 |  2.2
Fighting       | |  1.8
Unarmed Combat | |  3.7
Spellcasting   | |  2.4
Transmutations | |  2.5
Poison Magic   | |  0.2

Action                   |  1- 3 |  4- 6 || total
-------------------------+-------+-------++-------
Melee: Unarmed           |   107 |     9 ||   116
       Headbutt          |     7 |     1 ||     8
       Kick              |    11 |       ||    11
       Tailslap          |     6 |       ||     6
 Cast: Beastly Appendage |    17 |     1 ||    18
  Use: Scroll            |     3 |       ||     3
       Potion            |     1 |       ||     1
 Stab: Sleeping          |     1 |       ||     1
Armor: Skin              |    42 |     7 ||    49
Dodge: Dodged            |    95 |    15 ||   110

Table legend: (Time is in decaauts)
 A = Elapsed time spent in this place.
 B = Non-inter-level travel time spent in this place.
 C = Inter-level travel time spent in this place.
 D = Time resting spent in this place.
 E = Time spent auto-exploring this place.
 F = Levels seen in this place.
 G = Mean time per level.
                   A        B        C        D        E       F      G
               +--------+--------+--------+--------+--------+-----+--------+
         Total |   1914 |   1862 |     52 |    222 |   1348 |   2 |  957.0 |
       Dungeon |   1914 |   1862 |     52 |    222 |   1348 |   2 |  957.0 |
               +--------+--------+--------+--------+--------+-----+--------+

Top non-repeatable levels by time:
     D:2: 997 daAuts
     D:1: 917 daAuts
